AoeStats
← Crash234

Arena

511100643Analyzed
4v4 RM · 9d ago on Oct 3, 2026· 43m 10s· 8 players
Game mode
Random Map
Map size
Large (8 player)
Population
200
Speed
Normal
Resources
Standard
Victory
Conquest
Starting age
Dark Age
Ending age
Imperial Age
RankedLock teamsTeams togetherTeam positionsShared explorationLock speedFull tech treeHidden civsTurbo modeCheats
Victory
Defeat
🇪🇸 Persians · Spain
792
+14
🇷🇺 Tupi · Russia
756
+15
🇷🇺 Slavs · Russia
741
+16
🇷🇺 Romans · Russia
739
+16
vs
🇬🇷 Teutons · Greece
827
-18
🇨🇦 Danes · Canada
777
-17
🇨🇴 Britons · Colombia
705
-14
🇺🇸 Burmese · United States
669
-12
Konata Izumi
11:44 Feudal Age
12:30 Horse Collar
12:35 Double-Bit Axe
17:33 Castle Age
17:22 Wheelbarrow
16:56 Stone Mining
16:59 Gold Mining
18:14 Heavy Plow
18:26 Bow Saw
23:47 Loom
28:32 Padded Archer Armor
28:59 Fletching
32:00 Imperial Age
29:21 Champi Runner
30:06 Squires
29:52 Arson
30:26 Leather Archer Armor
30:07 Bodkin Arrow
31:24 Gold Shaft Mining
31:05 Hand Cart
31:11 Caravan
33:02 Conscription
33:52 Two-Man Saw
32:33 Elite Blackwood Archer
33:25 Bracer
33:37 Capped Ram
35:09 Ring Archer Armor
34:30 Pikeman
44:18 Chemistry
43:39 Ballistics
aRiPeiCh
0:30 Loom
10:00 Feudal Age
10:21 Double-Bit Axe
10:18 Horse Collar
14:01 Wheelbarrow
21:55 Castle Age
21:08 Bloodlines
22:02 Forging
21:58 Scale Barding Armor
21:45 Fletching
21:57 Padded Archer Armor
22:35 Husbandry
23:15 Gold Mining
23:50 Bow Saw
24:58 Hand Cart
25:59 Gold Shaft Mining
25:16 Stone Mining
26:33 Heavy Plow
27:40 Iron Casting
30:48 Stone Shaft Mining
31:24 Town Watch
32:35 Town Patrol
34:00 Chain Barding Armor
34:24 Coinage
37:58 Imperial Age
35:48 Kamandaran
37:04 Bodkin Arrow
38:49 Thumb Ring
40:31 Two-Man Saw
39:33 Crossbowman
41:36 Ballistics
42:17 Chemistry
41:37 Leather Archer Armor
42:23 Blast Furnace
42:14 Plate Barding Armor
43:08 Ring Archer Armor
42:42 Caravan
l-l-server-l-l
12:23 Feudal Age
13:36 Town Watch
17:18 Castle Age
15:12 Double-Bit Axe
15:26 Horse Collar
18:34 Wheelbarrow
21:14 Heavy Plow
22:07 Town Patrol
23:03 Bow Saw
22:51 Gold Mining
23:24 Stone Mining
24:10 Gold Shaft Mining
27:00 Squires
26:23 Pikeman
27:23 Hand Cart
29:01 Scale Mail Armor
30:58 Forging
31:03 Chain Mail Armor
32:40 Detinets
33:43 Iron Casting
37:31 Imperial Age
39:09 Conscription
Crash234
12:03 Feudal Age
10:49 Loom
13:18 Double-Bit Axe
13:22 Horse Collar
20:43 Castle Age
30:00 Heavy Plow
33:01 Wheelbarrow
38:59 Caravan
39:57 Hand Cart
40:53 Town Watch
Seventh L3tter
10:26 Feudal Age
16:08 Castle Age
14:13 Stone Mining
14:41 Double-Bit Axe
15:15 Horse Collar
16:36 Loom
23:01 Arson
31:16 Imperial Age
29:11 Scale Mail Armor
29:47 Bow Saw
30:54 Chain Mail Armor
31:17 Heavy Plow
31:33 Forging
31:12 Gambesons
draco28939
2:30 Loom
11:36 Feudal Age
16:50 Wheelbarrow
22:00 Castle Age
21:13 Horse Collar
21:35 Stone Mining
21:41 Gold Mining
26:05 Hand Cart
26:11 Heavy Plow
28:54 Town Watch
31:06 Town Patrol
31:47 Gold Shaft Mining
34:46 Imperial Age
36:16 Manipur Cavalry
39:08 Conscription
38:51 Howdah
38:53 Fletching
39:13 Forging
MikeDe
12:30 Feudal Age
12:55 Horse Collar
13:03 Double-Bit Axe
20:09 Castle Age
18:23 Forging
18:09 Stone Mining
18:26 Gold Mining
20:55 Heavy Plow
21:11 Bow Saw
20:33 Pikeman
21:15 Squires
25:35 Iron Casting
26:24 Fletching
28:59 Bodkin Arrow
32:03 Wheelbarrow
33:09 Scale Mail Armor
juanbleis3214
1:52 Loom
11:01 Feudal Age
20:11 Castle Age
20:32 Double-Bit Axe
27:04 Horse Collar
27:18 Gold Mining
27:59 Heavy Plow
28:14 Bow Saw
28:29 Stone Mining
32:06 Gold Shaft Mining
32:41 Fletching
32:52 Padded Archer Armor
35:34 Imperial Age
33:42 Wheelbarrow
33:42 Bodkin Arrow
34:39 Caravan
36:14 Hand Cart
35:41 Elite Longbowman
38:02 Bracer
38:18 Leather Archer Armor
40:33 Ring Archer Armor
41:57 Chemistry
Connection lost

Rejoining the realm…

Still unreachable

The connection could not be restored.

Session expired

The server has moved on; the page needs a fresh start.